Workbook

Sheet MANO DE OBRA
B2: MATERIALES | C2: UNIDAD | D2: COSTO
B3: Armador | C3: día | D3: 56174
B4: Ayudante | C4: día | D4: 51067
B5: Cadenero | C5: día | D5: 66387
B6: Calculista | C6: día | D6: 362556
B7: Cortador | C7: día | D7: 76601
B8: Cuadrilla de desmontaje (10 personas) | C8: día | D8: 561739
B9: Cuadrilla de fabricación | C9: día | D9: 306403
B10: Cuadrilla de Un Oficial y (2) Obreros. | C10: día | D10: 204269
B11: Cuadrilla de un oficial y (4) Obreros. | C11: día | D11: 306403
B12: Dibujante | C12: día | D12: 102134
B13: Dibujante 2 | C13: día | D13: 91921
B14: Estudios, análisis e informes | C14: und | D14: 2042688
... B25: Maestro | C25: día | D25: 153202
B26: Obrero (10) | C26: día | D26: =29260.1*10 -> 292601
B27: Obrero (2) | C27: día | D27: 58520.2
B28: Obrero (3) | C28: día | D28: 87780.3
B29: Obrero (4) | C29: día | D29: 117040.4
B30: Obrero (5) | C30: día | D30: 146300.5
B31: Obrero (6) | C31: día | D31: 175560.6
B32: Obrero (7) | C32: día | D32: 204820.7
B33: Obrero (8) | C33: día | D33: 234080.8
B34: Obrero (9) | C34: día | D34: 263340.9
B35: Obrero (prueba de carga) | C35: día | D35: 56174
B36: Obreros de incado (2) | C36: día | D36: 112348
B37: Obreros de izado (2) | C37: día | D37: 112348
B38: Oficial | C38: día | D38: 60000
... B62: Celador | C62: día | D62: 51067

Sheet EQUIPOS
B2: EQUIPO | C2: UNIDAD | D2: TARIFA
B3: Andamiaje para Aplicar la Carga (Equipos Sustituto de la Tara) | C3: und | D3: 45354
B4: Aspersor manual | C4: hora | D4: 2379
B5: Barredora mecánica de cepillo de 3658 mm ; 6 m3 | C5: hora | D5: 61122
B6: Bomba de concreto, Producción: 30 m3/h, POTENCIA: 67 HP, MAX PRESION DE CONCRETO: 1150 PSI | C6: hora | D6: 37168
B7: Bomba de inyección de lechada | C7: hora | D7: 13796
B8: Bomba eléctrica para accionar la celda | C8: hora | D8: 44105
B9: Bomba para gato de tensionamiento | C9: hora | D9: 47031
B10: Buldozer Potencia al volante de 305 HP, motor de 2100 RPM, longitud de hoja 6,39m. | C10: hora | D10: 160000
B11: Buldozer, Potencia al volante de 140 HP, motor de 2200 RPM, longitud de hoja 4,80m. | C11: hora | D11: 130000
B12: Buldozer, Potencia al volante de 80 HP, motor de 2400 RPM, longitud de hoja 3,99m, | C12: hora | D12: 120000
B13: Caldera para pintura termoplástica | C13: hora | D13: 42556
B14: Calentador a gas | C14: hora | D14: 73747
... B150: Volqueta 6 m3 | C150: hora | D150: 90000

Sheet MATERIALES
B2: MATERIALES | C2: UNIDAD | D2: COSTO
B3: Acero A-36 para estructura metálica | C3: kg | D3: 2769
B4: Acero A-37 | C4: kg | D4: 2906
B5: Acero A-40 | C5: kg | D5: 1956
B6: Acero PDR-60 | C6: kg | D6: 5400 | F6: =3800*1.19 -> 4522
B7: Acero suministrado y figurado PDR 60 | C7: kg | D7: 2494
B8: Aditivo Acelerante de Fraguado | C8: kg | D8: 13411
B9: Aditivo curador | C9: kg | D9: 6164
B10: Adoquín color 10X20X6 | C10: und | D10: 1142
B11: Adoquín e=8cm | C11: m2 | D11: 33391
B12: Adoquín grama 10X20X6 | C12: und | D12: 1069
B13: Adoquín Gris E=10 Cm | C13: m2 | D13: 49606
B14: Aglomerante Estabilizador | C14: lt | D14: 10039
B15: Agregado para concreto hidráulico | C15: m3 | D15: 76667
B16: Agregado para tratamiento superf. Doble | C16: m3 | D16: 57763
B17: Agregado para tratamiento superf. Simple | C17: m3 | D17: 56220
B18: Agregado para tratamiento superficial doble (primer riego) | C18: m3 | D18: 45187
... B84: Cemento asfaltico modificado con polímeros tipo V | C84: kg | D84: 2914
B85: Cemento gris | C85: kg | D85: 540 | F85: =+D85*50 -> 27000
B86: Cemento Hidráulico adicionado, Norma ASTM C595 Tipo _______ | C86: kg | D86: 514
B87: Cemento Porthland Norma ASTM C150 Tipo _______ | C87: kg | D87: 448
B88: Cespedones | C88: m2 | D88: 7005
B89: Cicatrizante (para remoción de especies vegetales) | C89: kg | D89: 11366
B90: Cinta Sika PVC 0,22 | C90: m | D90: 37913
B91: Cintilla de poliuretano (sikarod) | C91: m | D91: 690
B92: Cintilla De Poliuretano (Sikarod) (Pavimentos De Concreto Hidráulico) | C92: m | D92: 970
B93: Cloruro de calcio | C93: kg | D93: 3864
B94: Cloruro De Calcio En Esferas (Pellets) | C94: kg | D94: 3253
B95: Cloruro De Calcio En Hojuelas (Flakes) | C95: kg | D95: 5128
B96: Cloruro De Calcio Liquido | C96: lt | D96: 2694
B97: Concreto hidráulico para pavimento MR-20 | C97: m3 | D97: 292182
... B147: Formaleta metálica (concreto hidráulico) PLACA HUELLA | C147: m3 | D147: 5746.25
B148: Formaleta Metálica | C148: m2 | D148: 16692 | H148: =2*2.6*0.18 -> 0.936
B149: Formaleta para baranda de concreto | C149: m | D149: 26698
B150: Formaleta para muros | C150: m2 | D150: 5731
B151: Formaleta, platina y accesorios (escamas en concreto) | C151: glo | D151: 214959
B152: Fulminantes | C152: und | D152: 1102
B153: Fundente | C153: kg | D153: 27008
B154: Gas propano | C154: kg | D154: 3610
B155: Geodren circular diámetro 100 mm y altura 2.00 M | C155: m | D155: 79714
B156: Geodren planar Diamet 100 mm y h=0.50 | C156: m | D156: 17015
B157: Geodren planar Diamet 100 mm y h=1.00 | C157: m | D157: 31946
B158: Geodren planar Diamet 100 mm y h=2.00 | C158: m | D158: 62966
B159: Geomalla Biaxial Para Refuerzo Pbx-11 | C159: m2 | D159: 5849
B160: Geomalla Biaxial Para Refuerzo Pbx-11 | C160: m2 | D160: 5916
... B372: Varilla 5/8 | C372: kg | D372: 3186

Sheet TRANSPORTE
B2: EQUIPO | C2: UNIDAD | D2: TARIFA
B3: Transporte de Material de Remoción | C3: m3/km | D3: 1100
B4: Transporte de Mezcla Abierta en Frio MAF-38 | C4: m3/km | D4: 1102
B5: Transporte de Mezcla densa en Caliente MDC-25 | C5: m3/km | D5: 1250
B6: Transporte de agregado | C6: tkm | D6: 1100
B7: Transporte de agregado pétreo | C7: m3/km | D7: 1100
B8: Transporte de agregado tipo LA-1 | C8: m3/km | D8: 1100
B9: Transporte de agregado tipo LA-2 | C9: m3/km | D9: 1100
B10: Transporte de agregado tipo LA-3 | C10: m3/km | D10: 1100
B11: Transporte de agregado tipo LA-4 | C11: m3/km | D11: 1100
B12: Transporte de agregados pétreos | C12: m3/km | D12: 1100
B13: Transporte de Arena | C13: m3/km | D13: 1100
B14: Transporte de arena | C14: m3/km | D14: 1100
B15: Transporte de arena lavada | C15: m3/km | D15: =+'AQUILER DE RIELES'!N52 -> 103340
B16: Transporte de base | C16: m3/km | D16: 1100
B17: Transporte de Cemento Asfaltico Modificado Con Polímeros (Todos Los Tipos) | C17: m3/km | D17: 1100
B18: Transporte de concreto | C18: m3/km | D18: 1100
B19: Transporte de Concreto | C19: m3/km | D19: 1100
B20: Transporte de material crudo | C20: m3/km | D20: =+'AQUILER DE RIELES'!N52 -> 103340
B21: Transporte de Material Crudo de Rio | C21: m3/km | D21: 1100
B22: Transporte de material de afirmado | C22: m3/km | D22: =+'AQUILER DE RIELES'!N52 -> 103340
B23: Transporte de material de afirmado | C23: m3/km | D23: 1100
B24: Transporte de Material de Afirmado de la Zona | C24: m3/km | D24: 1100
B25: Transporte de material de base | C25: m3/km | D25: 1100
B26: Transporte de Material de Base | C26: m3/km | D26: 1100
B27: Transporte de material de cobertura | C27: m3/km | D27: 1100
B28: Transporte de material de demolición | C28: m3/km | D28: 1100
B29: Transporte de material de excavación | C29: m3/km | D29: =+'AQUILER DE RIELES'!N52 -> 103340
B30: Transporte de material de excavación | C30: m3/km | D30: 1100
B31: Transporte de material de remoción | C31: m3/km | D31: 1100
B32: Transporte de Material de Solado y Atraque Tubería de Concreto Reforzado | C32: m3/km | D32: =+'AQUILER DE RIELES'!N52 -> 103340
B33: Transporte de material de soldado y atraque | C33: m3/km | D33: 1100
B34: Transporte de material de Sub Base CBR=40% | C34: m3/km | D34: 1100
B35: Transporte de material de subbase | C35: m3/km | D35: =+'AQUILER DE RIELES'!N52 -> 103340
B36: Transporte de material desmontado | C36: tkm | D36: 1100
B37: Transporte de Material Drenante | C37: m3/km | D37: 1100
B38: Transporte de material filtrante | C38: m3/km | D38: 1100
B39: Transporte de material filtrante | C39: m3/km | D39: 1100
B40: Transporte de material fresado | C40: m3/km | D40: 1100
B41: Transporte de material fresado | C41: m3/km | D41: 1100
B42: Transporte de material granular | C42: m3/km | D42: 1100
B43: Transporte de material removido | C43: m3/km | D43: 1100
B44: Transporte de material seleccionado para relleno | C44: m3/km | D44: 1100
B45: Transporte de material trasladado | C45: tkm | D45: 1100
B46: Transporte de material triturado | C46: m3/km | D46: =+'AQUILER DE RIELES'!N52 -> 103340
B47: Transporte de material triturado para filtros | C47: m3/km | D47: 1100
B48: Transporte de materiales | C48: m3t | D48: 1100
B49: Transporte de materiales | C49: m3t | D49: 1100
B50: Transporte de materiales seleccionados | C50: m3/km | D50: 1100
B51: Transporte de mezcla | C51: m3/km | D51: 1100
B52: Transporte de mezcla abierta en caliente MAC-75 | C52: m3/km | D52: 1100
B53: Transporte de mezcla abierta en caliente MAC-63 | C53: m3/km | D53: 1100
B54: Transporte de mezcla abierta en caliente MAC-50 | C54: m3/km | D54: 1100
B55: Transporte de Mezcla Abierta en Frio MAF-25 | C55: m3/km | D55: 1100
B56: Transporte de mezcla de concreto | C56: m3/km | D56: 1100
B57: Transporte de Mezcla Densa en Caliente MDC-10 | C57: m3/km | D57: 1100
B58: Transporte de Mezcla Densa en Caliente MDC-19 | C58: m3/km | D58: 1250
... B81: Transporte de piedra | C81: m3/km | D81: 1100
B82: Transporte de piedra para Ciclópeo | C82: m3/km | D82: =+'AQUILER DE RIELES'!N52 -> 103340
B83: Transporte de piedra para ciclópeo | C83: m3t | D83: 1100
B84: Transporte de piedra para gaviones | C84: m3/km | D84: 1100
B85: Transporte de piedra para gaviones | C85: m3/km | D85: 1100
B86: Transporte fibra o mulch hidráulico | C86: m3/km | D86: 1100
B87: Transporte material de Sub Base procesado en planta | C87: m3/km | D87: 1100
B88: Transporte tierra abonada | C88: m3/km | D88: 1100
B89: Trasporte de material Remoción de Postes | C89: m3/km | D89: 1100
B90: Equipo de Transporte (Camiones Grúas | C90: km | D90: 55
B91: Pasajes aéreos | C91: und | D91: 355021
B92: Transporte de acero | C92: t/km | D92: 0.613
B93: Transporte de Adoquín e=8cm | C93: m3/km | D93: 917
B94: Transporte de barrera de seguridad | C94: m3/km | D94: 752
... B114: Trasporte de Torre | C114: und | D114: 482527

Sheet DISTANCIA ACARREO
B2: MATERIAL | C2: UNIDAD | D2: DISTANCIA
B3: Material de afirmado de la Zona | C3: km | D3: 30
B4: Material de afirmado | C4: km | D4: 30
B5: Transporte de material de Sub Base CBR=40% | C5: km | D5: 30
B6: Botadero | C6: km | D6: 3
B7: Recebo para relleno | C7: km | D7: 30
B8: Agregado Triturado | C8: km | D8: 30
B9: Arena Lavada | C9: km | D9: 30
B10: Agregado Piedra Rajón | C10: km | D10: 30
B11: Acero PDR-60 | C11: km | D11: 39
B12: Tubo de Concreto de 900 mm | C12: km | D12: 39
B13: Terraplén | C13: km | D13: 12

Sheet PRESUPUESTO
A3: MEJORAMIENTO DE VÍAS INTERNAS EN EL CORREGIMIENTO DE EL SALADO MUNICIPIO DE EL CARMEN DE BOLÍVAR EN EL MARCO DEL CONVENIO INTERADMINISTRATIVO 1408 DE 2021 A TRAVÉS DEL SUMINISTRO DE TRANSPORTE Y DOVELAS Y CANASTILLAS
B4: VIA | D4: Long (Km) | E4: PR Inicial | G4: PR Final
B5: Complementaria vía al tanque de agua | D5: 0.139 | E5: 0 | G5: 0.139
B6: Complementaria vía a la Quimera | D6: 0.239 | E6: 0 | G6: 0.239
A7: ITEM DE PAGO | B7: DESCRIPCION | D7: UNID | E7: CANTIDAD | F7: VALOR UNITARIO | G7: VALOR TOTAL
A12: 1 | B12: Suministro y transporte de canastilla de 1/4 " para soporte de dovela (Altura variable = 7,5 cm a 15 cm) | D12: ML | E12: 400 | F12: ='SUMINISTRO Y TRAN DE CANASTILLA'!N66 -> 68026 | G12: =+E12*F12 -> 27210400 | I12: NO MODIFICAR
A13: 2 | B13: Suministro y transporte de dovelas o pasadores de (Diametro = 1 " ) | D13: KG | E13: 1919 | F13: ='SUMINISTRO DE ACERO'!N63 -> 26804 | G13: =+E13*F13 -> 51436876 | I13: NO MODIFICAR
A14: 3 | B14: Alquiler de Rieles metálicos de 3 mts x 0,20 mts | D14: UND | E14: 40 | F14: ='AQUILER DE RIELES'!N61 -> 134342 | G14: =E14*F14 -> 5373680
A15: TOTAL COSTOS DIRECTOS | G15: =SUM(G12:H14) -> 84020956
A16: IVA 19% (U) | F16: 0.19 | G16: =G15*0.19 -> 15963982
A17: TOTAL COSTOS | G17: =G15+G16 -> 99984938
A22: =+#REF! -> #REF! | B22: =+#REF! -> #REF! | D22: m2 | E22: =0.15*6*#REF! -> #REF! | F22: =+#REF! -> #REF! | G22: =+ROUND((E22*F22),0) -> #REF!
A23: =+#REF! -> #REF! | B23: =+#REF! -> #REF! | D23: m3 | E23: =0.15*6*#REF! -> #REF! | F23: =#REF! -> #REF! | G23: =+ROUND((E23*F23),0) -> #REF!
A24: =+#REF! -> #REF! | B24: =+#REF! -> #REF! | D24: m3 | E24: =0.15*6*#REF! -> #REF! | F24: =+#REF! -> #REF! | G24: =+ROUND((E24*F24),0) -> #REF!
G25: =SUM(G22:H24) -> #REF! | J25: =+I25-G25 -> #REF!
G27: =G25 -> #REF!
I28: =0.08*G25 -> #REF!
G29: =G27+G28 -> #REF! | I29: 24178745 | J29: =+I29-G29 -> #REF!
G31: =#REF!+G29 -> #REF! | I31: 951270070 | J31: 1549402.4
D36: DESCRIPCION | G36: PORCENTAJE
A37: NOTA 1:El control de tráfico temporal (controladores de trafico) y la señalización provisional necesarios para el Suministro y transporte de las dovelas , será por cuenta y riesgo del contratista. | D37: ADMINISTRACION | F37: A= | G37: 0.2
A38: NOTA 2: Se debe tener en cuenta que el precio unitario incluye el valor de A.I.U. | D38: IMPREVISTO | F38: I= | G38: 0.05
A39: NOTA 3: . El archivo de presupuestos incluye el Análisis de Precios Unitarios (APU) de cada item dentro del mismo libro del presupuesto | D39: UTILIDAD | F39: U= | G39: 0.05
A40: NOTA 4: El A.I.U y su discriminación esta dada en porcentaje (%). | D40: TOTAL A.I.U | F40: A.I.U.= | G40: =SUM(G37:G39) -> 0.3
A41: NOTA 5: Los costos de bioseguridad se encuentran incluidos administrativos del contratista.
A42: NOTA 6 : Los valores que aparecen fijos e inmodificables, no podran alterarse, de lo contrario sera de Causal de Rechazo
E47: Original Firmado
D48: Ing. Carmen Cecilia Perez Lopez
D49: Vo. Bo. Directora Territorial Bolivar - INVIAS

Sheet 1P EST Y DIS
A1: AJUSTE ESTUDIOS PARA EL AUNAR ESFUERZOS PARA EL MANTENIMIENTO Y MEJORAMIENTO DE VIAS RURALES EN EL MUNICIPIO DE EL GUAMO, DEPARTAMENTO DE BOLIVAR DEL PROGRAMA "COLOMBIA RURAL"
A3: VALOR DE LA PROPUESTA | E3: PLAZO TOTAL | F3: UN (1) MES
A4: CANT. | B4: CARGO / OFICIO | C4: SUELDO Y/O | D4: PRIMA | E4: PARTICIPACIÓN | F4: VALOR
C5: JORNAL MENSUAL | D5: REGIONAL | E5: TOTAL (mes) | F5: PARCIAL ($)
A6: (1) | C6: (2) | D6: (3) | E6: (4) | F6: (1)*((2)+(3))*(4) = (5)
A7: Cant. | B7: CONCEPTO | C7: Costo Mensual | D7: Prima Regional | E7: Tiempo Total | F7: Valor Total
A8: 1 | B8: Especialista Diseño Geométrico | C8: 4800000 | E8: 0.1 | F8: =(C8+D8)*E8 -> 480000
A9: 1 | B9: Especialista en estructuras | C9: 4800000 | E9: 0.06 | F9: =(C9+D9)*E9 -> 288000
A10: 1 | B10: Especialista en geotecnia y/o pavimentos | C10: 4800000 | E10: 0.1 | F10: =(C10+D10)*E10 -> 480000
A11: 1 | B11: Especialista en Hidráulica e Hidrología | C11: 4800000 | E11: 0.07 | F11: =(C11+D11)*E11 -> 336000
A12: SUBTOTAL COSTO DE PERSONAL | F12: =SUM(F8:F11) -> 1584000
A13: FACTOR MULTIPLICADOR | F13: 2.34
A14: TOTAL COSTOS DE PERSONAL | F14: =+(F12*F13) -> 3706560
A15: Cant. | B15: Concepto | C15: Unidad | D15: Costos | E15: Tiempo Total | F15: Valor Total
A16: 1 | B16: Adquisición de Cartografía (Imágenes de satélite y fotos aéreas existentes) e Información Secundaria. S/Comprobante Pago | C16: Gl | D16: 500000 | E16: 0.5 | F16: =D16*E16 -> 250000
A17: 1 | B17: Levantamiento Topográfico (Incluye personal, equipos, transporte, desplazamientos y viáticos) | C17: Día | D17: 400000 | E17: 0.5 | F17: =D17*E17 -> 200000
A18: 1 | B18: Edición de Informes Finales (Incluye impresión, ploteo de planchas originales en papel de seguridad, una copia en papel bond y dos copias en archivos magnéticos) S/Comprobante Pago | C18: Gl | D18: 500000 | E18: 0.5 | F18: =D18*E18 -> 250000
A19: 1 | B19: Ensayos de Laboratorio. S/Comprobante Pago | C19: Gl | D19: =250000*(PRESUPUESTO!#REF!/250) -> #REF! | E19: 0.4 | F19: =D19*E19 -> #REF!
A20: TOTAL COSTOS DIRECTOS | F20: =SUM(F16:F19) -> #REF!
A21: VALOR TOTAL BÁSICO | F21: =F14+F20 -> #REF!
A22: IVA | F22: =ROUND(F21*19%,0) -> #REF!
A23: VALOR CONTRATO CONSULTORÍA | F23: =F21+F22 -> #REF!

Sheet OFERTA ECONOMICA
A3: MEJORAMIENTO DE VÍAS INTERNAS EN EL CORREGIMIENTO DE EL SALADO MUNICIPIO DE EL CARMEN DE BOLÍVAR EN EL MARCO DEL CONVENIO INTERADMINISTRATIVO 1408 DE 2021 A TRAVÉS DEL SUMINISTRO DE TRANSPORTE Y DOVELAS Y CANASTILLAS
B4: VIA | D4: Long (Km) | E4: PR Inicial | G4: PR Final
B5: Complementaria vía al tanque de agua | D5: 0.139 | E5: 0 | G5: 0.139
B6: Complementaria vía a la Quimera | D6: 0.239 | E6: 0 | G6: 0.239
A7: ITEM DE PAGO | B7: DESCRIPCION | D7: UNID | E7: CANTIDAD | F7: VALOR UNITARIO | G7: VALOR TOTAL
A12: 1 | B12: Suministro y transporte de canastilla de 1/4 " para soporte de dovela (Altura variable = 7,5 cm a 15 cm) | D12: ML | E12: 400 | F12: ='SUMINISTRO Y TRAN DE CANASTILLA'!N66 -> 68026 | G12: =+E12*F12 -> 27210400 | I12: NO MODIFICAR
A13: 2 | B13: Suministro y transporte de dovelas o pasadores de (Diametro = 1 " ) | D13: KG | E13: 1919 | F13: ='SUMINISTRO DE ACERO'!N63 -> 26804 | G13: =+E13*F13 -> 51436876 | I13: NO MODIFICAR
A14: 3 | B14: Alquiler de Rieles metálicos de 3 mts x 0,20 mts | D14: UND | E14: 40 | G14: =E14*F14 -> 0
A15: TOTAL COSTOS DIRECTOS | G15: =SUM(G12:H14) -> 78647276
A16: IVA 19% (U) | F16: 0.19 | G16: =G15*0.19 -> 14942982
A17: TOTAL COSTOS | G17: =G15+G16 -> 93590258
A22: =+#REF! -> #REF! | B22: =+#REF! -> #REF! | D22: m2 | E22: =0.15*6*#REF! -> #REF! | F22: =+#REF! -> #REF! | G22: =+ROUND((E22*F22),0) -> #REF!
A23: =+#REF! -> #REF! | B23: =+#REF! -> #REF! | D23: m3 | E23: =0.15*6*#REF! -> #REF! | F23: =#REF! -> #REF! | G23: =+ROUND((E23*F23),0) -> #REF!
A24: =+#REF! -> #REF! | B24: =+#REF! -> #REF! | D24: m3 | E24: =0.15*6*#REF! -> #REF! | F24: =+#REF! -> #REF! | G24: =+ROUND((E24*F24),0) -> #REF!
G25: =SUM(G22:H24) -> #REF! | J25: =+I25-G25 -> #REF!
G27: =G25 -> #REF!
I28: =0.08*G25 -> #REF!
G29: =G27+G28 -> #REF! | I29: 24178745 | J29: =+I29-G29 -> #REF!
G31: =#REF!+G29 -> #REF! | I31: 951270070 | J31: 1549402.4
D36: DESCRIPCION | G36: PORCENTAJE
A37: NOTA 1:El control de tráfico temporal (controladores de trafico) y la señalización provisional necesarios para el Suministro y transporte de las dovelas , será por cuenta y riesgo del contratista. | D37: ADMINISTRACION | F37: A= | G37: 0.2
A38: NOTA 2: Se debe tener en cuenta que el precio unitario incluye el valor de A.I.U. | D38: IMPREVISTO | F38: I= | G38: 0.05
A39: NOTA 3: . El archivo de presupuestos incluye el Análisis de Precios Unitarios (APU) de cada item dentro del mismo libro del presupuesto | D39: UTILIDAD | F39: U= | G39: 0.05
A40: NOTA 4: El A.I.U y su discriminación esta dada en porcentaje (%). | D40: TOTAL A.I.U | F40: A.I.U.= | G40: =SUM(G37:G39) -> 0.3
A41: NOTA 5: Los costos de bioseguridad se encuentran incluidos administrativos del contratista.
A42: NOTA 6 : Los valores que aparecen fijos e inmodificables, no podran alterarse, de lo contrario sera de Causal de Rechazo
C47: FIRMA
C48: Nombre
C49: Identificación

Sheet SUMINISTRO Y TRAN DE CANASTILLA
K1: CÓDIGO | L1: MINFRA-MN-IN-10-FR-1
C2: INSTITUTO NACIONAL DE VIAS
C3: PROCESO GESTIÓN DE LA INFRAESTRUCTURA VIAL | K3: VERSIÓN | L3: 1
C4: MANUAL DE INTERVENTORÍA OBRA PÚBLICA
C5: ANÁLISIS DE PRECIOS UNITARIOS | K5: PÁGINA | M5: DE
K8: FECHA
L9: (Día) | M9: (Mes) | N9: (Año)
B10: ITEMS DE LA PROPUESTA ECONÓMICA | I10: ITEMS NO PREVISTOS
B12: UNIDAD EJECUTORA: | J12: DIRECCIÓN TERRITORIAL: | K12: BOLÍVAR
B15: CONTRATO No. | D15: DE
B16: OBJETO DEL CONTRATO:
B19: CARRETERA: | J19: SECTOR: | K19: BOLÍVAR
B21: CONTRATISTA:
B23: INTERVENTOR: | K23: CTO No.: | M23: DE
B25: FECHA CIERRE PROCESO DE SELECCIÓN CONTRATO DE OBRA:
F26: (Día) | I26: (Mes) | J26: (Año)
B28: DATOS ESPECÍFICOS
B30: ITEM | C30: DESCRIPCIÓN | K30: GRUPO DE AJUSTE | L30: UNIDAD | N30: CANTIDAD
B31: ITEM | C31: DESCRIPCIÓN | L31: UNIDAD | N31: CANTIDAD
A32: Unidad | B32: 1 | C32: Suministro y transporte de canastilla de 1/4 " para soporte de dovela (Altura variable = 7,5 cm a 15 cm) | L32: ML
B34: I. EQUIPO
B35: DESCRIPCIÓN | I35: TIPO | K35: TARIFA/HORA | L35: RENDIMIENTO | N35: Vr. UNITARIO
B36: Herramienta Menor ( 7%) mano de obra | I36: UN | K36: =N55 -> 11735.82 | L36: 0.07 | N36: =K36*L36 -> 821.5074
B39: SUBTOTAL $ | N39: =ROUND(SUM(N36:N38),2) -> 821.51
B40: II. MATERIALES
B41: DESCRIPCIÓN | J41: UNIDAD | K41: CANTIDAD | L41: PRECIO UNIT. | N41: Vr. UNITARIO
B42: Acero de Refuerzo 1/4", Fy : 420 MPA | J42: Kg | K42: 2.5 | L42: 3000 | N42: =+L42*K42 -> 7500
B43: Soldadura | J43: Kg | K43: 0.07 | L43: 11000 | N43: =+L43*K43 -> 770
B45: SUBTOTAL $ | N45: =+SUM(N42:N44) -> 8270
B46: III. TRANSPORTES
B47: MATERIAL | H47: UNIDAD | I47: CANTIDAD (1) | J47: DISTANCIA (2) | K47: (1) * (2) | L47: TARIFA | N47: Vr. UNITARIO
A48: =+#REF! -> #REF! | B48: Acero de Refuerzo 1/4" Fy : 420 MPA | H48: kg/km | I48: 2.5 | J48: 20 | K48: =I48*J48 -> 50 | L48: 630 | N48: =ROUND(K48*L48,2) -> 31500
N49: =ROUND(K49*L49,2) -> 0
B50: SUBTOTAL $ | N50: =ROUND((N48+N49),2) -> 31500
B51: IV. MANO DE OBRA
B52: TRABAJADOR | I52: JORNAL | J52: PRESTACIONES (%) | K52: JORNAL TOTAL | L52: RENDIMIENTO | N52: Vr. UNITARIO
A53: =+#REF! -> #REF! | B53: Oficial (1) | I53: =+I54*2 -> 67666 | J53: 1.85 | K53: =+I53*J53 -> 125182.1 | L53: 0.0625 | N53: =IFERROR(ROUND(K53*L53,2),0) -> 7823.88
B54: Obrero (1) | I54: =+'MANO DE OBRA'!D59 -> 33833 | J54: 1.85 | K54: =+I54*J54 -> 62591.05 | L54: 0.0625 | N54: =IFERROR(ROUND(K54*L54,2),0) -> 3911.94
B55: SUBTOTAL $ | N55: =ROUND(SUM(N53:N54),2) -> 11735.82
B57: TOTAL COSTO DIRECTO $ | N57: =ROUND(N39+N45+N50+N55,2) -> 52327.33
B59: V. COSTOS INDIRECTOS
B60: Descripción | K60: Porcentaje | L60: Valor Total
B61: ADMINISTRACION | K61: 0.2 | L61: =ROUND(N57*K61,2) -> 10465.47
B62: IMPREVISTOS | K62: 0.05 | L62: =ROUND(N57*K62,2) -> 2616.37
B63: UTILIDAD | K63: 0.05 | L63: =ROUND(N57*K63,2) -> 2616.37
B64: SUBTOTAL $ | N64: =ROUND(L61+L62+L63,2) -> 15698.21
A66: PFinal01 | B66: Precio Unitario Total Aproximado al Peso $ | N66: =ROUND(N57+N64,0) -> 68026
E71: Firma
E72: Nombre:
E73: Representante Legal del Contratista o su Apoderado
E74: Matricula No. :
B76: OBSERVACIONES INTERVENTORÍA:
B82: APROBACIÓN POR INTERVENTORÍA
B83: Nota 1: Cuando se trate de Análisis de precios unitarios correspondientes a ítems de la propuesta económica aprobada, el Interventor aprueba el desglose de los componentes manteniendo el mismo precio unitario de cada ítem, cumpliendo con las especificaciones de construcción vigentes para el proyecto.
B85: Nota 2: Cuando se trate de Análisis de precios unitarios de ítems no previstos, el Interventor aprueba el desglose y precio unitario de cada ítem no previsto, exigiendo la aplicación de los costos correspondientes a insumos y tarifas de la propuesta económica inicial cuando estén contemplados, cumpliendo con las especificaciones de construcción vigente para el proyecto.
E91: Firma
E92: Nombre:
E93: Representante Legal del Interventor o su Apoderado
E94: Matricula No. :
B96: Original: Archivo de Gestión del Contrato (Subdirección Administrativa).
B97: Copias: Unidad Ejecutora, Contratista, Interventor y Dirección Territorial.

Sheet SUMINISTRO DE ACERO
K1: CÓDIGO | L1: MINFRA-MN-IN-10-FR-1
C2: INSTITUTO NACIONAL DE VIAS
C3: PROCESO GESTIÓN DE LA INFRAESTRUCTURA VIAL | K3: VERSIÓN | L3: 1
C4: MANUAL DE INTERVENTORÍA OBRA PÚBLICA
C5: ANÁLISIS DE PRECIOS UNITARIOS | K5: PÁGINA | M5: DE
K8: FECHA
L9: (Día) | M9: (Mes) | N9: (Año)
B10: ITEMS DE LA PROPUESTA ECONÓMICA | I10: ITEMS NO PREVISTOS
B12: UNIDAD EJECUTORA: | J12: DIRECCIÓN TERRITORIAL: | K12: BOLÍVAR
B15: CONTRATO No. | D15: DE
B16: OBJETO DEL CONTRATO:
B19: CARRETERA: | J19: SECTOR: | K19: BOLÍVAR
B21: CONTRATISTA:
B23: INTERVENTOR: | K23: CTO No.: | M23: DE
B25: FECHA CIERRE PROCESO DE SELECCIÓN CONTRATO DE OBRA:
F26: (Día) | I26: (Mes) | J26: (Año)
B28: DATOS ESPECÍFICOS
B30: ITEM | C30: DESCRIPCIÓN | K30: GRUPO DE AJUSTE | L30: UNIDAD | N30: CANTIDAD
B31: ITEM | C31: DESCRIPCIÓN | L31: UNIDAD | N31: CANTIDAD
A32: Unidad | B32: 2 | C32: Suministro y transporte de dovelas o pasadores de (Diametro = 1 " ) | L32: kg
B34: I. EQUIPO
B35: DESCRIPCIÓN | I35: TIPO | K35: TARIFA/HORA | L35: RENDIMIENTO | N35: Vr. UNITARIO
B38: SUBTOTAL $ | N38: =ROUND(SUM(N36:N37),2) -> 0
B39: II. MATERIALES
B40: DESCRIPCIÓN | J40: UNIDAD | K40: CANTIDAD | L40: PRECIO UNIT. | N40: Vr. UNITARIO
B41: Acero PDR-60 de 1" | J41: KG | K41: 1.05 | L41: 6900 | N41: =+L41*K41 -> 7245
B42: Alambre Negro | J42: KG | K42: 0.03 | L42: =MATERIALES!D34 -> 4791 | N42: =+L42*K42 -> 143.73
B43: SUBTOTAL $ | N43: =+SUM(N41:N42) -> 7388.73
B44: III. TRANSPORTES
B45: MATERIAL | H45: UNIDAD | I45: CANTIDAD (1) | J45: DISTANCIA (2) | K45: (1) * (2) | L45: TARIFA | N45: Vr. UNITARIO
A46: =+#REF! -> #REF! | B46: Acero PDR-60 de 1" | H46: kg/km | I46: 1.05 | J46: 20 | K46: =I46*J46 -> 21 | L46: 630 | N46: =ROUND(K46*L46,2) -> 13230
B47: SUBTOTAL $ | N47: =ROUND((N46),2) -> 13230
B48: IV. MANO DE OBRA
B49: TRABAJADOR | I49: JORNAL | J49: PRESTACIONES (%) | K49: JORNAL TOTAL | L49: RENDIMIENTO | N49: Vr. UNITARIO
A50: =+#REF! -> #REF!
B52: SUBTOTAL $ | N52: =ROUND(SUM(N50:N51),2) -> 0
B54: TOTAL COSTO DIRECTO $ | N54: =ROUND(N38+N43+N47+N52,2) -> 20618.73
B56: V. COSTOS INDIRECTOS
B57: Descripción | K57: Porcentaje | L57: Valor Total
B58: ADMINISTRACION | K58: 0.2 | L58: =ROUND(N54*K58,2) -> 4123.75
B59: IMPREVISTOS | K59: 0.05 | L59: =ROUND(N54*K59,2) -> 1030.94
B60: UTILIDAD | K60: 0.05 | L60: =ROUND(N54*K60,2) -> 1030.94
B61: SUBTOTAL $ | N61: =ROUND(L58+L59+L60,2) -> 6185.63
A63: PFinal01 | B63: Precio Unitario Total Aproximado al Peso $ | N63: =ROUND(N54+N61,0) -> 26804
E68: Firma
E69: Nombre:
E70: Representante Legal del Contratista o su Apoderado
E71: Matricula No. :
B73: OBSERVACIONES INTERVENTORÍA:
B79: APROBACIÓN POR INTERVENTORÍA
B80: Nota 1: Cuando se trate de Análisis de precios unitarios correspondientes a ítems de la propuesta económica aprobada, el Interventor aprueba el desglose de los componentes manteniendo el mismo precio unitario de cada ítem, cumpliendo con las especificaciones de construcción vigentes para el proyecto.
B82: Nota 2: Cuando se trate de Análisis de precios unitarios de ítems no previstos, el Interventor aprueba el desglose y precio unitario de cada ítem no previsto, exigiendo la aplicación de los costos correspondientes a insumos y tarifas de la propuesta económica inicial cuando estén contemplados, cumpliendo con las especificaciones de construcción vigente para el proyecto.
E88: Firma
E89: Nombre:
E90: Representante Legal del Interventor o su Apoderado
E91: Matricula No. :
B93: Original: Archivo de Gestión del Contrato (Subdirección Administrativa).
B94: Copias: Unidad Ejecutora, Contratista, Interventor y Dirección Territorial.

Sheet AQUILER DE RIELES
K1: CÓDIGO | L1: MINFRA-MN-IN-10-FR-1
C2: INSTITUTO NACIONAL DE VIAS
C3: PROCESO GESTIÓN DE LA INFRAESTRUCTURA VIAL | K3: VERSIÓN | L3: 1
C4: MANUAL DE INTERVENTORÍA OBRA PÚBLICA
C5: ANÁLISIS DE PRECIOS UNITARIOS | K5: PÁGINA | M5: DE
K8: FECHA
L9: (Día) | M9: (Mes) | N9: (Año)
B10: ITEMS DE LA PROPUESTA ECONÓMICA | I10: ITEMS NO PREVISTOS
B12: UNIDAD EJECUTORA: | J12: DIRECCIÓN TERRITORIAL: | K12: BOLÍVAR
B15: CONTRATO No. | D15: DE
B16: OBJETO DEL CONTRATO:
B19: CARRETERA: | J19: SECTOR: | K19: BOLÍVAR
B21: CONTRATISTA:
B23: INTERVENTOR: | K23: CTO No.: | M23: DE
B25: FECHA CIERRE PROCESO DE SELECCIÓN CONTRATO DE OBRA:
F26: (Día) | I26: (Mes) | J26: (Año)
B28: DATOS ESPECÍFICOS
B30: ITEM | C30: DESCRIPCIÓN | K30: GRUPO DE AJUSTE | L30: UNIDAD | N30: CANTIDAD
B31: ITEM | C31: DESCRIPCIÓN | L31: UNIDAD | N31: CANTIDAD
A32: Unidad | B32: 3 | C32: Alquiler de Rieles metálicos de 3 mts x 0,20 mts | L32: UND
B34: I. EQUIPO
B35: DESCRIPCIÓN | I35: TIPO | K35: CANTIDAD | L35: TARIFA/MES | N35: Vr. UNITARIO
B36: Rieles metálicos de 3 mts x 0,20 mts | I36: UN | K36: 1 | L36: 90000 | N36: =K36*L36 -> 90000
B37: SUBTOTAL $ | N37: =ROUND(SUM(N36:N36),2) -> 90000
B38: II. MATERIALES
B39: DESCRIPCIÓN | J39: UNIDAD | K39: CANTIDAD | L39: PRECIO UNIT. | N39: Vr. UNITARIO
B41: SUBTOTAL $ | N41: =ROUND(SUM(N40:N40),2) -> 0
B42: III. TRANSPORTES
B43: MATERIAL | H43: UNIDAD | I43: CANTIDAD (1) | J43: DISTANCIA (2) | K43: (1) * (2) | L43: TARIFA | N43: Vr. UNITARIO
A44: =+#REF! -> #REF! | B44: Rieles metálicos de 3 mts x 0,20 mts | H44: Riel/km | I44: 1 | J44: 20 | K44: =I44*J44 -> 20 | L44: 667 | N44: =L44*K44 -> 13340
N45: =ROUND(K45*L45,2) -> 0
B46: SUBTOTAL $ | N46: =ROUND(N44,2) -> 13340
B47: IV. MANO DE OBRA
B48: TRABAJADOR | I48: JORNAL | J48: PRESTACIONES (%) | K48: JORNAL TOTAL | L48: RENDIMIENTO | N48: Vr. UNITARIO
B50: SUBTOTAL $ | N50: =ROUND(SUM(N49:N49),2) -> 0
B52: TOTAL COSTO DIRECTO $ | N52: =ROUND(N37+N41+N46+N50,2) -> 103340
B54: V. COSTOS INDIRECTOS
B55: Descripción | K55: Porcentaje | L55: Valor Total
B56: ADMINISTRACION | K56: 0.2 | L56: =ROUND(N52*K56,2) -> 20668
B57: IMPREVISTOS | K57: 0.05 | L57: =ROUND(N52*K57,2) -> 5167
B58: UTILIDAD | K58: 0.05 | L58: =ROUND(N52*K58,2) -> 5167
B59: SUBTOTAL $ | N59: =ROUND(L56+L57+L58,2) -> 31002
A61: PFinal01 | B61: Precio Unitario Total Aproximado al Peso $ | N61: =ROUND(N52+N59,0) -> 134342
E66: Firma
E67: Nombre:
E68: Representante Legal del Contratista o su Apoderado
E69: Matricula No. :
B71: OBSERVACIONES INTERVENTORÍA:
B77: APROBACIÓN POR INTERVENTORÍA
B78: Nota 1: Cuando se trate de Análisis de precios unitarios correspondientes a ítems de la propuesta económica aprobada, el Interventor aprueba el desglose de los componentes manteniendo el mismo precio unitario de cada ítem, cumpliendo con las especificaciones de construcción vigentes para el proyecto.
B80: Nota 2: Cuando se trate de Análisis de precios unitarios de ítems no previstos, el Interventor aprueba el desglose y precio unitario de cada ítem no previsto, exigiendo la aplicación de los costos correspondientes a insumos y tarifas de la propuesta económica inicial cuando estén contemplados, cumpliendo con las especificaciones de construcción vigente para el proyecto.
E86: Firma
E87: Nombre:
E88: Representante Legal del Interventor o su Apoderado
E89: Matricula No. :
B91: Original: Archivo de Gestión del Contrato (Subdirección Administrativa).
B92: Copias: Unidad Ejecutora, Contratista, Interventor y Dirección Territorial.
